 Dungeon Crawl Stone Soup version 0.20.1-1-g8b1a95d (webtiles) character file.

192 veneficus the Poker (level 5, -4/38 HPs)
             Began as a Merfolk Skald on Nov 3, 2017.
             Killed from afar by an orc wizard (9 damage)
             ... with a puff of frost
             ... on level 2 of the Dungeon.
             The game lasted 00:06:01 (2881 turns).

veneficus the Poker (Merfolk Skald)                 Turns: 2881, Time: 00:06:02

Health: -4/38      AC:  3    Str: 12    XL:     5   Next: 71%
Magic:  6/9        EV: 12    Int: 12    God:
Gold:   131        SH:  0    Dex: 14    Spells: 2/10 levels left

rFire    . . .     SeeInvis .   a - +0 spear
rCold    . . .     Gourm    .   (no shield)
rNeg     . . .     Faith    .   b - +0 leather armour
rPois    .         Spirit   .   (no helmet)
rElec    .         Reflect  .   (no cloak)
rCorr    .         Harm     .   (no gloves)
MR       .....                  (no boots)
Stlth    +.........             r - amulet of regeneration
Regen    0.6/turn               s - ring of flight
MPRegen  0.2/turn               (no ring)

@: very slightly contaminated
A: change form in water, swift swim, stealthy swim
a: Evoke Flight


You were on level 2 of the Dungeon.
You were hungry.

You visited 1 branch of the dungeon, and saw 3 of its levels.

You collected 131 gold pieces.

Inventory:

Hand Weapons
 a - a +0 spear (weapon)
Missiles
 u - a throwing net (quivered)
Armour
 b - a +0 leather armour (worn)
Jewellery
 r - an amulet of regeneration (around neck)
 s - a ring of flight (left hand)
Scrolls
 e - 2 scrolls of amnesia {unknown}
 f - 3 scrolls of identify {unknown}
 h - a scroll of random uselessness {unknown}
 i - 2 scrolls of fear {unknown}
 j - 3 scrolls of teleportation {unknown}
 l - a scroll of blinking {unknown}
 n - a scroll of enchant armour {unknown}
 o - a scroll of noise {unknown}
 p - 2 scrolls of remove curse {unknown}
Potions
 k - 2 potions of heal wounds
 q - a potion of degeneration {unknown}
Books
 c - a book of Battle

   Spells                             Type                      Level
   a - Infusion                       Charms                       1
   b - Shroud of Golubria             Charms/Translocation         2
   c - Song of Slaying                Charms                       2
   d - Spectral Weapon                Hexes/Charms                 3
   e - Regeneration                   Charms/Necromancy            3
Comestibles
 d - 2 bread rations
 g - 5 meat rations
 m - a royal jelly
 t - 8 chunks of flesh


   Skills:
 - Level 2.1 Fighting
 * Level 6.1 Polearms
 - Level 0.6 Armour
 - Level 2.6 Dodging
 + Level 3.3 Spellcasting
 + Level 4.2 Charms


You had 2 spell levels left.
You knew the following spells:

 Your Spells              Type           Power        Failure   Level  Hunger
a - Infusion              Chrm           ##..         5%          1    #......
b - Song of Slaying       Chrm           ##......     8%          2    ###....
c - Shroud of Golubria    Chrm/Tloc      #.........   19%         2    ###....
d - Regeneration          Chrm/Necr      #.........   36%         3    ###....


Dungeon Overview and Level Annotations

Branches:
Dungeon (3/15)

Altars:
Hepliaklqana


Message History

Okay, then.
Okay, then.
You miscast Regeneration.
You are very lightly contaminated with residual magic.
Pain shoots through your body. The orc wizard barely misses you. x2
You now have 6/9 mp.
Spoiler Alert: The orc wizard might cast Slow, Confuse, Throw Flame, Throw Frost, or go Invisible!
You barely miss the orc wizard. The orc wizard barely misses you.
You barely miss the orc wizard.
The orc wizard gestures at you while chanting.
The magic dart hits you!
* * * LOW HITPOINT WARNING * * *
You take 6 damage, and have 4/38 hp.
Spoiler Alert: The orc wizard might cast Slow, Confuse, Throw Flame, Throw Frost, or go Invisible!
You hit the orc wizard. The orc wizard completely misses you.
You hit the orc wizard.
The orc wizard looks braver for a moment.
The orc wizard casts a spell at you. The puff of frost hits you!
You die...

#.####...(........
#.# #............
#.####............
###.................
#...####......>.....
#...# ############.
#...###############.
#..o##............#.
#..@.+............'.
#...##............##
#...##............#
###.#####.##.....##
#.# #.##.....### #.#
#.#.<....... #.#
#.#.#....##.
###.#####.#.#....#..
#.........#.#....#..


You could see an orc wizard.

Vanquished Creatures
  An orc priest (D:3)
  An orc wizard (D:3)
  3 gnolls (D:3)
  2 adders (D:2)
  3 oozes (D:1)
  2 worms (D:2)
  3 dart slugs
  2 leopard geckos
  4 orcs (D:3)
  3 giant cockroaches (D:1)
  3 goblins
  9 hobgoblins
  6 jackals
  5 bats
  3 frilled lizards
  6 kobolds
  5 rats
61 creatures vanquished.

Notes
Turn   | Place    | Note
-------+----------+-------------------------------------------
     0 | D:1      | veneficus the Merfolk Skald began the quest for the Orb.
     0 | D:1      | Reached XP level 1. HP: 16/16 MP: 3/3
   232 | D:1      | Reached XP level 2. HP: 19/22 MP: 5/5
   545 | D:1      | Reached skill level 4 in Polearms
   555 | D:1      | Reached XP level 3. HP: 17/27 MP: 0/6
  1717 | D:2      | Reached XP level 4. HP: 33/33 MP: 7/7
  1992 | D:2      | Reached skill level 5 in Polearms
  2437 | D:3      | Reached XP level 5. HP: 25/38 MP: 0/9
  2665 | D:3      | Found a hazy altar of Hepliaklqana.
  2784 | D:3      | Learned a level 2 spell: Song of Slaying
  2787 | D:3      | Learned a level 2 spell: Shroud of Golubria
  2791 | D:3      | Learned a level 3 spell: Regeneration
  2863 | D:3      | Reached skill level 6 in Polearms
  2881 | D:2      | Killed from afar by an orc wizard

Skill      XL: |  1  2  3  4  5 |
---------------+----------------+-----
Polearms       | 4 5 6 |  6.1
Charms         | 4 |  4.2
Spellcasting   | 3 |  3.3
Fighting       | |  2.1
Armour         | |  0.6
Dodging        | |  2.6

Action                   |  1- 3 |  4- 6 || total
-------------------------+-------+-------++-------
Melee: Spear             |   123 |   130 ||   253
 Cast: Infusion          |     8 |     6 ||    14
       Shroud of Golubri |       |     1 ||     1
  Eat: Chunk             |     3 |     3 ||     6
Armor: Leather armour    |    13 |    17 ||    30
Dodge: Dodged            |    61 |    58 ||   119
